 Dungeon Crawl Stone Soup version 0.27-a0-1065-ge809cff456 (webtiles) character file.

Game seed: 7312578861820532215

80 leviel the Skirmisher (level 4, -2/41 HPs)
             Began as a Hill Orc Fighter on Apr 24, 2021.
             Killed by divine providence
             ... invoked by an orc priest
              (11 damage)
             ... on level 2 of the Dungeon.
             The game lasted 00:02:47 (1743 turns).

leviel the Skirmisher (Hill Orc Fighter)            Turns: 1743, Time: 00:02:47

Health: -2/41      AC:  8    Str: 19    XL:     4   Next: 39%
Magic:  4/4        EV:  7    Int:  8    God:
Gold:   98         SH:  9    Dex: 10    Spells: 3/3 levels left

rFire    . . .     SeeInvis .   a - +0 war axe
rCold    . . .     Faith    .   c - +0 kite shield
rNeg     . . .     Spirit   .   b - +0 scale mail
rPois    .         Reflect  .   (no helmet)
rElec    .         Harm     .   (no cloak)
rCorr    .         Rampage  .   (no gloves)
Will     .....                  f - +0 pair of boots
Stlth    ..........             (no amulet)
HPRegen  0.13/turn              (no ring)
MPRegen  0.09/turn              (no ring)

@: no status effects
A: no striking features
a: Convert to Beogh


You were on level 2 of the Dungeon.
You visited 1 branch of the dungeon, and saw 4 of its levels.

You collected 98 gold pieces.

Inventory:

Hand Weapons
 a - a +0 war axe (weapon)
Armour
 b - a +0 scale mail (worn)
 c - a +0 kite shield (worn)
 f - a +0 pair of boots (worn)
Jewellery
 m - a ring of protection from cold
Scrolls
 e - 2 scrolls of enchant armour {unknown}
 h - 4 scrolls of identify {unknown}
 j - a scroll of blinking {unknown}
 k - a scroll of enchant weapon {unknown}
Potions
 d - 2 potions of might
 g - a potion of curing
 i - a potion of brilliance {unknown}
 l - a potion of degeneration {unknown}


   Skills:
 + Level 4.9 Fighting
 + Level 4.2 Axes
 - Level 3.5 Armour
 - Level 3.5 Shields


You had 3 spell levels left.
You didn't know any spells.
Your spell library was empty.

Dungeon Overview and Level Annotations

Branches:
Dungeon (4/15)
 Temple: D:4-7

Altars:


Message History

The bat barely misses you. You block the bat's attack.
The bat hits you but does no damage. The bat hits you but does no damage.
It was a potion of curing.
You feel better. The bat hits you but does no damage.
You slash the bat!
You kill the bat!
You slash the rat!
You kill the rat!
You hit the orc.
The orc is heavily wounded.
The orc hits you with a +0 vorpal flail. x2
You barely miss the orc.
The orc is heavily wounded.
You block the orc's attack.
The orc priest calls upon Beogh to heal the orc.
The orc's wounds heal themselves!
You hit the orc.
The orc is almost dead.
You block the orc's attack. The orc barely misses you.
You slash the orc!
You kill the orc!
The orc priest shouts, "Surrender to Beogh and we'll let you live!"
The orc priest barely misses you.
You barely miss the orc priest.
The orc priest hits you but does no damage.
The orc priest calls down the wrath of Beogh upon you.
Beogh smites you!
* * * LOW HITPOINT WARNING * * *
You closely miss the orc priest.
The orc priest hits you but does no damage.
You slash the orc priest!
The orc priest is heavily wounded.
The orc priest casts a cantrip, but nothing happens.
You block the orc priest's attack.
You closely miss the orc priest.
The orc priest is heavily wounded.
The orc priest invokes the aid of Beogh against you.
Beogh smites you!
You die...

.##### .... #####+#####..
.... ............
.....##........... #..
............# #.#
#.?........#
#.#..#.r<.o.o.o.# ########
#@#<......o.....# #......#
#o######+#'# #......#
#oo.roo.o#'#### #......#
#######........####
#......###.....'........'...
#...........####........####
###.........# #........#
#.........####........####
#.....(.>.+...............


You could see an orc priest and 2 orcs.

Vanquished Creatures
  A hound (D:4)
  3 dart slugs
  An orc (D:2)
  4 ball pythons
  2 endoplasms (D:2)
  2 giant cockroaches (D:2)
  2 goblins
  8 hobgoblins
  2 jackals (D:1)
  2 quokkas
  5 bats
  4 kobolds
  5 rats
41 creatures vanquished.

Vanquished Creatures (others)
  9 plants (D:2)
9 creatures vanquished.

Grand Total: 50 creatures vanquished

Notes
Turn   | Place    | Note
-------+----------+-------------------------------------------
     0 | D:1      | leviel the Hill Orc Fighter began the quest for the Orb.
     0 | D:1      | Reached XP level 1. HP: 19/19 MP: 1/1
   105 | D:1      | Reached XP level 2. HP: 8/27 MP: 2/2
   765 | D:1      | Reached XP level 3. HP: 33/33 MP: 3/3
  1030 | D:2      | You fall into a shaft and drop 2 floors!
  1071 | D:4      | Reached XP level 4. HP: 38/41 MP: 4/4
  1145 | D:3      | Found a faded altar of an unknown god.
  1743 | D:2      | Killed from afar by an orc priest

Illustrated notes

Levels and vault maps discovered:
D:1:      dpeg_arrival_erosion, layout_rooms, serial_park_tiny_2
D:2:      layout_basic, serial_bayou, serial_bayou_ford_a,
          serial_bayou_lagoon_a, serial_bayou_lagoon_b, serial_bayou_pond_d
D:3:      layout_loops_ring, ebering_ecumenical_altar_rust
D:4:      layout_basic, slow_altar_1, marbit_many_paths,
          kennysheep_generic_room_13

Skill      XL: |  1  2  3 |
---------------+----------+-----
Fighting       | 4 |  4.9
Axes           | 3 4 |  4.2
Armour         | |  3.5
Shields        | |  3.5

Action                   |  1- 3 |  4- 6 || total
-------------------------+-------+-------++-------
Melee: War axe           |    91 |    45 ||   136
  Use: Potion            |       |     1 ||     1
Armor: Scale mail        |    58 |    32 ||    90
Dodge: Dodged            |    31 |    14 ||    45
Block: Kite shield       |    66 |    25 ||    91

Table legend: (Time is in decaauts)
 A = Elapsed time spent in this place.
 B = Non-inter-level travel time spent in this place.
 C = Inter-level travel time spent in this place.
 D = Time resting spent in this place.
 E = Time spent auto-exploring this place.
 F = Levels seen in this place.
 G = Mean time per level.
                   A        B        C        D        E       F      G
               +--------+--------+--------+--------+--------+-----+--------+
         Total |   1854 |   1816 |     38 |    366 |   1077 |   4 |  463.5 |
       Dungeon |   1854 |   1816 |     38 |    366 |   1077 |   4 |  463.5 |
               +--------+--------+--------+--------+--------+-----+--------+

Top non-repeatable levels by time:
     D:1: 957 daAuts
     D:2: 690 daAuts
     D:3: 124 daAuts
     D:4: 82 daAuts
